 Dungeon Crawl Stone Soup version 0.18.1-1-g2f07953 (webtiles) character file.

186 varam the Changer (level 5, -2/46 HPs)
             Began as a Troll Transmuter on May 6, 2016.
             Slain by varam's ghost (13 damage)
             ... on level 4 of the Dungeon.
             The game lasted 00:09:52 (2734 turns).

varam the Changer (Troll Transmuter)                Turns: 2734, Time: 00:09:53

Health: -2/46      AC:  5    Str: 19    XL:     5   Next: 38%
Magic:  7/7        EV:  9    Int:  9    God:
Gold:   264        SH:  0    Dex: 10    Spells: 1 memorised, 8 levels left

rFire  . . .     SeeInvis .       - Unarmed
rCold  . . .     Gourm    +     b - +0 robe
rNeg   . . .     Faith    .     (no shield)
rPois  .         Spirit   .     (helmet restricted)
rElec  .         Dismiss  .     (no cloak)
rCorr  .         Reflect  .     (gloves unavailable)
SustAt +         Harm     .     (boots unavailable)
MR     .....                    (no amulet)
Stlth  +.........               r - ring of wizardry
                                j - ring of sustain attributes

@: not resistant to hostile enchantments, very unstealthy
A: unfitting armour, claws 3, fast metabolism 3, gourmand, regeneration 2,
shaggy fur 1, tough skin 2
a: no special abilities


You were on level 4 of the Dungeon.
You were very full.

You visited 1 branch of the dungeon, and saw 4 of its levels.

You collected 264 gold pieces.

Inventory:

Missiles
 a - 12 arrows
 p - 4 tomahawks (quivered)
Armour
 b - a +0 robe (worn)
Jewellery
 j - a ring of sustain attributes (left claw)
 r - a ring of wizardry (right claw)
Scrolls
 f - 4 scrolls of remove curse {unknown}
 g - 2 scrolls of magic mapping {unknown}
 h - a scroll of teleportation {unknown}
 m - 2 scrolls of identify {unknown}
 o - a scroll of random uselessness {unknown}
 s - a scroll of enchant armour {unknown}
 u - 2 scrolls of recharging {unknown}
 w - a scroll of immolation {unknown}
 x - a scroll of blinking {unknown}
 y - a scroll of noise {unknown}
 A - a scroll of amnesia {unknown}
Potions
 e - 3 potions of curing {unknown}
 i - 2 potions of lignification {unknown}
 q - a potion of heal wounds {unknown}
 z - a potion of mutation {unknown}
Books
 c - a book of Changes

   Spells                             Type                      Level
   a - Beastly Appendage              Transmutation                1
   b - Sticks to Snakes               Transmutation                2
   c - Spider Form                    Transmutation/Poison         3
   d - Ice Form                       Ice/Transmutation            4
   e - Blade Hands                    Transmutation                5
Miscellaneous
 n - a plain deck of defence
Comestibles
 d - 5 bread rations
 k - a beef jerky
 t - a meat ration
 v - 5 fruits


   Skills:
 - Level 0.7 Fighting
 - Level 1.5 Dodging
 - Level 3.0 Unarmed Combat
 + Level 2.6 Spellcasting
 + Level 3.1 Transmutations


You had 8 spell levels left.
You knew the following spells:

 Your Spells              Type           Power        Failure   Level  Hunger
a - Beastly Appendage     Trmt           #.....       4%          1    ##.....


Dungeon Overview and Level Annotations

Branches:
Dungeon (4/15)
 Temple: D:4-7

Altars:
Nemelex Xobeh

Annotations:
D:4 varam's ghost, amateur TrTm


Innate Abilities, Weirdness & Mutations

You are too large for most types of armour.
You have claws for hands.
Your metabolism is lightning-fast.
You like to eat raw meat.
You heal very quickly.
You are covered in fur (AC +1).
You have very tough skin (AC +2).


Message History

The orc wizard casts a spell at you. The magic dart hits you!
Varam's ghost says, "I break bones and crack skulls... with my bare hands."
The orc wizard casts a spell at you. The magic dart hits you!
* * * LOW HITPOINT WARNING * * *
You feel sick.
The orc wizard gestures at you while chanting.
You resist with some effort.
You feel sick.
You are no longer poisoned.
You claw the adder!
You kill the adder!
Varam's ghost barely misses you.
You see here an adder corpse.
You scratch varam's ghost but do no damage.
The orc wizard hits you with a dagger.
* * * LOW HITPOINT WARNING * * *
Varam's ghost hits you!
You die...

#####...W<.............#
####.....................##
##...#.#....#.....#.....##
.......#....#############
...........##......##
(....#..####........##
.......## #..........#
.....### #..........#
....## #....o@....# ..#..#
#.....Wo...# ..##.#
#.....o....# .###.#
##.o......## .###.#
##..o.....## .....####
#..........# ........#
#....oo....# .....##.#
#..........#
.....##.###..........#


You could see 3 orc wizards, varam's ghost and 4 orcs.

Vanquished Creatures
  Natasha (D:2)
  Terence (D:1)
  5 adders
  A dart slug (D:3)
  4 giant geckos
  6 orcs (D:3)
  8 bats
  6 giant cockroaches
  8 goblins
  9 hobgoblins
  5 jackals (D:3)
  A quokka (D:3)
  A ball python (D:2)
  5 giant newts
  12 kobolds
  4 rats
77 creatures vanquished.

Notes
Turn   | Place    | Note
--------------------------------------------------------------
     0 | D:1      | varam the Troll Transmuter began the quest for the Orb.
     0 | D:1      | Reached XP level 1. HP: 18/18 MP: 1/1
   332 | D:1      | Reached XP level 2. HP: 22/26 MP: 0/3
   606 | D:2      | Noticed Terence
   634 | D:1      | Killed Terence
   634 | D:1      | Reached XP level 3. HP: 27/32 MP: 2/4
   773 | D:2      | Found a sparkling altar of Nemelex Xobeh.
   899 | D:2      | Noticed Natasha
   907 | D:2      | Killed Natasha
   907 | D:2      | Reached XP level 4. HP: 24/40 MP: 6/6
  1654 | D:3      | Reached XP level 5. HP: 46/46 MP: 5/7
  2389 | D:4      | Noticed varam's ghost (amateur TrTm)
  2734 | D:4      | Slain by varam's ghost

Skill      XL: |  1  2  3  4  5 |
---------------+----------------+-----
Transmutations | 2 3 |  3.1
Spellcasting   | 2 |  2.6
Fighting       | |  0.7
Dodging        | |  1.5
Unarmed Combat | |  3.0

Action                   |  1- 3 |  4- 6 || total
-------------------------+-------+-------++-------
Melee: Unarmed           |    91 |   157 ||   248
       Headbutt          |     2 |     5 ||     7
       Kick              |     2 |    11 ||    13
 Cast: Beastly Appendage |    12 |    28 ||    40
  Eat: Chunk             |    11 |    20 ||    31
Armor: Robe              |    49 |    52 ||   101
Dodge: Dodged            |    54 |    93 ||   147
